 Dungeon Crawl Stone Soup version 0.23.2-40-g277498a001 (webtiles) character file.

Game seed: 5474848969362638862

199 EtherCrawl the Skirmisher (level 5, -10/42 HPs)
             Began as a Mummy Fighter on Sept 30, 2019.
             Killed from afar by an orc wizard (13 damage)
             ... with a puff of flame
             ... on level 4 of the Dungeon.
             The game lasted 00:04:08 (3050 turns).

EtherCrawl the Skirmisher (Mummy Fighter)           Turns: 3050, Time: 00:04:08

Health: -10/42     AC:  6    Str: 20    XL:     5   Next: 48%
Magic:  5/5        EV:  7    Int:  7    God:
Gold:   74         SH:  9    Dex: 12    Spells: 4/4 levels left

rFire    x . .     SeeInvis .   a - +0 war axe
rCold    + . .     Gourm    .   c - +0 shield
rNeg     + + +     Faith    .   b - +0 scale mail
rPois    ∞         Spirit   .   (no helmet)
rElec    .         Reflect  .   (no cloak)
rCorr    .         Harm     .   (no gloves)
MR       .....                  (no boots)
Stlth    ..........             (no amulet)
HPRegen  0.14/turn              (no ring)
MPRegen  0.09/turn              (no ring)

@: slowed, very slow
A: no food or potions, fire vulnerability, cold resistance 1, negative energy
resistance 3, torment resistance, unbreathing
a: no special abilities


You were on level 4 of the Dungeon.
You were not hungry.

You visited 1 branch of the dungeon, and saw 4 of its levels.

You collected 74 gold pieces.

Inventory:

Hand Weapons
 a - a +0 war axe (weapon)
Missiles
 e - 180 stones (quivered)
 f - 14 arrows
Armour
 b - a +0 scale mail (worn)
 c - a +0 shield (worn)
Jewellery
 g - an uncursed ring of stealth {unknown}
Wands
 i - a wand of paralysis (13)
 k - a wand of disintegration (9)
Scrolls
 d - 2 scrolls of blinking {unknown}
 h - a scroll of fog {unknown}
 j - 4 scrolls of identify {unknown}
 l - a scroll of teleportation {unknown}
 m - a scroll of remove curse {unknown}


   Skills:
 + Level 3.9 Fighting
 * Level 3.2 Axes
 + Level 3.1 Armour
 + Level 3.1 Shields


You had 4 spell levels left.
You didn't know any spells.
Your spell library was empty.

Dungeon Overview and Level Annotations

Branches:
Dungeon (4/15)
 Temple: D:4-7

Altars:
Fedhas
Sif Muna
Uskayaw


Innate Abilities, Weirdness & Mutations

You do not eat or drink.
Your flesh is vulnerable to fire.
You are immune to poison.
Your flesh is cold resistant. (rC+)
You are immune to negative energy. (rN+++)
You are immune to unholy pain and torment.
You can survive without breathing.


Message History

The orc wizard completely misses you.
Unknown command.
Unknown command.
Unknown command.
You closely miss the orc wizard.
The orc wizard is almost dead.
You closely miss something. Something hits you.
* * * LOW HITPOINT WARNING * * *
The orc wizard hits you but does no damage.
Something hits you but does no damage.
The orc wizard hits you but does no damage.
Unknown command.
Your shield prevents you from hitting the orc wizard.
The orc wizard is almost dead.
You miss something.
You feel less confused.
You hear some strange, mumbled words.
A puff of flame appears from out of thin air!
The puff of flame hits you! The fire burns you terribly!
You die...

#...................
##.#.###########.###
#.#.# #.# ##.#.# #.#
#..#.# #.#
###''#############.#
#≈≈.)≈≈#..>...<....###
#≈[.)o≈######.......%.
#≈†♣.@≈# ##.#####..
#≈..♣.≈# #.#####..
#≈....≈#######........
#≈≈.)≈≈#........####.#
###++##########.# #.#
#.# #.# #.# #.# #.#
#<. #.# ###


You could see an orc wizard.

Vanquished Creatures
  An orc priest (D:2)
  An orc wizard (D:4)
  A worker ant (D:4)
  2 adders
  5 worms
  A dart slug (D:2)
  2 leopard geckos
  6 orcs
  5 giant cockroaches
  5 goblins
  5 hobgoblins
  14 jackals
  2 quokkas
  2 ball pythons (D:3)
  4 bats
  5 frilled lizards
  7 kobolds
  4 rats
72 creatures vanquished.

Notes
Turn   | Place    | Note
-------+----------+-------------------------------------------
     0 | D:1      | EtherCrawl the Mummy Fighter began the quest for the Orb.
     0 | D:1      | Reached XP level 1. HP: 18/18 MP: 1/1
   100 | D:1      | Reached XP level 2. HP: 23/24 MP: 2/2
   571 | D:2      | Reached XP level 3. HP: 29/29 MP: 3/3
  1039 | D:2      | Noticed a phantom
  1769 | D:2      | Found a deep blue altar of Sif Muna.
  1884 | D:2      | Found a blossoming altar of Fedhas.
  2102 | D:2      | Reached XP level 4. HP: 12/35 MP: 4/4
  2562 | D:3      | Found a hide-covered altar of Uskayaw.
  2808 | D:4      | Reached XP level 5. HP: 25/42 MP: 5/5
  3050 | D:4      | Killed from afar by an orc wizard

Skill      XL: |  1  2  3  4 |
---------------+-------------+-----
Axes           | 2 3 |  3.2
Armour         | 3 |  3.1
Shields        | 3 |  3.1
Fighting       | |  3.9

Action                   |  1- 3 |  4- 6 || total
-------------------------+-------+-------++-------
Melee: War axe           |   168 |   130 ||   298
Armor: Scale mail        |    88 |    79 ||   167
Dodge: Dodged            |    59 |    61 ||   120
Block: Shield            |    87 |    72 ||   159
